 Dungeon Crawl Stone Soup version 0.32-a0-329-ge6c31236d6 (webtiles) character file.

Game seed: 4971239117829714794

247 AIDISCO the Insei (level 6, 0/35 HPs)
             Began as a Kobold Shapeshifter on Feb 16, 2024.
             Slain by a quokka (2 damage)
             ... on level 4 of the Dungeon.
             The game lasted 00:37:56 (3159 turns).

AIDISCO the Insei (Kobold Shapeshifter)             Turns: 3159, Time: 00:37:56

Health: 0/35       AC:  2    Str: 12    XL:     6   Next: 33%
Magic:  6/6        EV: 15    Int:  9    God:
Gold:   215        SH:  0    Dex: 16    Spells: 5/5 levels left

rFire   . .          .
                       - Unarmed
rCold   + . .        (no shield)
rNeg    . . .        a - +0 animal skin
rPois   .            (helmet currently unavailable)
rElec   .            (cloak currently unavailable)
rCorr   .            (gloves currently unavailable)
SInv    +            (boots currently unavailable)
Will    +....        (no amulet)
Stlth   ++++         e - ring of protection from cold
HPRegen 0.25/turn    t - ring of see invisible
MPRegen 0.10/turn

%: no passive effects
@: mighty, beast-form
A: beast (slay +2), small, no large weapons, nightstalker 3, horns 1, dopey 1,
strong-willed 1, no potion heal 1
a: Begin Untransformation, Convert to Beogh


You were on level 4 of the Dungeon.
You were a hulking beast.
You visited 1 branch of the dungeon, and saw 4 of its levels.

You collected 215 gold pieces.

Inventory:

Missiles
 h - 23 stones (quivered)
Armour
 a - a +0 animal skin (worn)
 q - a +0 pair of boots
Jewellery
 e - a ring of protection from cold (left hand)
 t - a ring of see invisible (right hand)
 v - a ring of fire
Talismans
 c - a beast talisman (active)
 d - a flux talisman
Wands
 s - a wand of roots (9)
Scrolls
 f - a scroll of immolation
 j - a scroll of teleportation
 k - a scroll of enchant weapon
 u - a scroll of amnesia {unknown}
 x - a scroll of fog {unknown}
 y - a scroll of poison {unknown}
Potions
 b - a potion of lignification
 g - a potion of magic
 i - a potion of enlightenment {unknown}
 l - 2 potions of brilliance
 m - 2 potions of invisibility
 n - 2 potions of curing
 o - a potion of berserk rage {unknown}
 p - a potion of attraction {unknown}
 r - a potion of might
 w - a potion of degeneration {unknown}


   Skills:
 + Level 1.8 Fighting
 - Level 0.3 Maces & Flails
 + Level 3.3 Dodging
 + Level 3.9 Stealth
 + Level 4.8 Unarmed Combat
 + Level 3.5 Shapeshifting


You had 5 spell levels left.
You didn't know any spells.
Your spell library contained the following spells:

 Spells                   Type           Power      Damage    Failure   Level
 Necrotise                Necr           0%         1d4       38%         1
 Jinxbite                 Hex            0%         N/A       52%         2
 Vampiric Draining        Necr           0%         2d6       77%         3
 Volatile Blastmotes      Fire/Tloc      0%         2d10      77%         3
 Fulminant Prism          Conj/Alch      0%         3d5       99%         4
 Iskenderun's Mystic Bla  Conj/Tloc      0%         2d3       99%         4
 Martyr's Knell           Necr/Summ      0%         N/A       99%         4
 Curse of Agony           Necr           0%         N/A       100%        5
 Yara's Violent Unravell  Hex/Alch       0%         3d3       100%        5
 Enfeeble                 Hex            0%         N/A       100%        7


Dungeon Overview and Level Annotations

Branches:
Dungeon (4/15)
 Temple: D:4-7

Altars:
Cheibriados
Nemelex Xobeh


Innate Abilities, Weirdness & Mutations

You are a hulking beast.
Your limbs bulge with bestial killing power. (Slay +2)
You are small and have problems with some larger weapons.
You are completely attuned to the shadows.
You have a pair of small horns on your head.
You are dopey. (Int -2)
You are strong-willed. (Will+)
Potions are less effective at restoring your health.


Message History

You closely miss the giant cockroach.
The giant cockroach is heavily wounded.
The giant cockroach misses you.
You hit the giant cockroach.
You kill the giant cockroach!
Found a potion of invisibility.
m - 2 potions of invisibility (gained 1)
Found 3 poisoned darts.
A quokka comes into view.
A goblin comes into view. It is wielding a +0 club.
You closely miss the orc priest.
The orc priest shouts!
The orc wizard shouts!
You headbutt the orc priest.
The orc priest is moderately wounded.
The goblin shouts!
The orc priest closely misses you.
The goblin unwields a +0 club.
The goblin wields a +0 sling.
The goblin shoots a sling bullet.
The sling bullet closely misses you.
You completely miss the orc priest.
The orc priest is moderately wounded.
The orc priest completely misses you.
The goblin shoots a sling bullet.
The sling bullet hits you.
You hit the orc priest.
The orc priest is moderately wounded.
The orc priest invokes the aid of Beogh against you.
Pain shoots through your body!
The goblin shoots a sling bullet.
The sling bullet closely misses you.
You closely miss the orc wizard. Your headbutt misses the orc wizard.
The quokka bites you. The orc priest hits you with a +0 mace.
The orc wizard misses you.
The orc priest shouts, "Surrender to Beogh and we'll let you live!" (press Y on the ability menu to convert to Beogh)
You feel very mighty all of a sudden. The quokka bites you.
The orc hits you with a +0 dagger.
The orc priest invokes the aid of Beogh against you.
Beogh smites you!
* * * LOW HITPOINT WARNING * * *
The orc wizard misses you.
You closely miss the orc wizard. The quokka bites you.
You die...

..#..# ....###
......###
........######
......#......##### ##
.................##..
..##.######..........
..##.### #.......og..
.......# #......hoo..
######## #.(...r.o...
...# #...........
...# ........... ...#
.......... ...# ...#
...# ####


You could see an orc priest, an orc wizard, 2 orcs, a quokka and a goblin.

Vanquished Creatures
  A bombardier beetle (D:4)
  2 hounds (D:4)
  An adder (D:2)
  2 dart slugs (D:2)
  A ribbon worm (D:3)
  9 orcs
  5 ball pythons
  7 endoplasms
  6 giant cockroaches
  A hobgoblin (D:4)
  9 jackals
  3 quokkas
  3 bats
  3 frilled lizards
  5 goblins
  9 kobolds
  5 rats
72 creatures vanquished.

Notes
Turn   | Place    | Note
-------+----------+-------------------------------------------
     0 | D:1      | AIDISCO the Kobold Shapeshifter began the quest for the
                  | Orb.
     0 | D:1      | Reached XP level 1. HP: 12/12 MP: 1/1
   112 | D:1      | Reached XP level 2. HP: 16/16 MP: 2/2
   229 | D:1      | Reached XP level 3. HP: 20/20 MP: 3/3
   731 | D:2      | Reached skill level 1 in Stealth
   731 | D:2      | Reached XP level 4. HP: 7/25 MP: 4/4
   832 | D:2      | Found a snail-covered altar of Cheibriados.
   988 | D:2      | Reached skill level 4 in Unarmed Combat
  1113 | D:2      | Found a faded altar of an unknown god.
  1746 | D:3      | Reached XP level 5. HP: 28/29 MP: 5/5
  2145 | D:3      | Gained mutation: Your mind is acute. (Int +4, Str/Dex -1)
                  | [potion of mutation]
  2151 | D:3      | Lost mutation: Your mind is acute. (Int +4, Str/Dex -1)
                  | [potion of mutation]
  2151 | D:3      | Gained mutation: You are dopey. (Int -2) [potion of
                  | mutation]
  2151 | D:3      | Gained mutation: You have a pair of small horns on your
                  | head. [potion of mutation]
  2151 | D:3      | Gained mutation: Potions are less effective at restoring
                  | your health. [potion of mutation]
  2151 | D:3      | Gained mutation: You are strong-willed. (Will+) [potion of
                  | mutation]
  2843 | D:4      | Reached XP level 6. HP: 16/35 MP: 6/6
  2983 | D:4      | Found a sparkling altar of Nemelex Xobeh.
  3159 | D:4      | Slain by a quokka

Illustrated notes

Levels and vault maps discovered:
D:1:      minmay_arrival_four_circles, layout_rooms
D:2:      layout_loops_ring, basic_altar, chequers_ecumenical_altar_island,
          corexii_shack, minmay_small_reverse_x
D:3:      layout_basic, minmay_randomly_rotated_circles
D:4:      layout_rooms, nemelex_diamond_rough_becter, dk_noncrumbling_3

Skill      XL: |  1  2  3  4  5 |
---------------+----------------+-----
Stealth        | 1 2 3 |  3.9
Unarmed Combat | 4 |  4.8
Dodging        | 3 |  3.3
Fighting       | |  1.8
Maces & Flails | |  0.3
Shapeshifting  | |  3.5

Action                     |  1- 3 |  4- 6 || total
---------------------------+-------+-------++-------
  Melee: Unarmed           |    65 |   153 ||   218
         Whip              |    10 |       ||    10
         Punch             |       |     6 ||     6
         Headbutt          |       |     8 ||     8
    Use: Potion            |       |     6 ||     6
         Scroll            |       |     5 ||     5
   Stab: Sleeping          |     9 |    10 ||    19
 Armour: Animal skin       |    37 |    61 ||    98
  Dodge: Dodged            |    45 |   126 ||   171

Table legend: (Time is in decaauts)
 A = Elapsed time spent in this place.
 B = Non-inter-level travel time spent in this place.
 C = Inter-level travel time spent in this place.
 D = Time resting spent in this place.
 E = Time spent auto-exploring this place.
 F = Levels seen in this place.
 G = Mean time per level.
                   A        B        C        D        E       F      G
               +--------+--------+--------+--------+--------+-----+--------+
         Total |   3148 |   1578 |   1570 |    208 |    711 |   4 |  787.0 |
       Dungeon |   3148 |   1578 |   1570 |    208 |    711 |   4 |  787.0 |
               +--------+--------+--------+--------+--------+-----+--------+

Top non-repeatable levels by time:
     D:2: 1090 daAuts
     D:3: 1065 daAuts
     D:1: 588 daAuts
     D:4: 405 daAuts
